Match 42343725
Unlisted

Match 42343725
End
Selects Armored Battlegroup
Engineer Squad
Construct Barracks
Selects Veteran Crews
1⁄4-ton 4x4 Truck
Riflemen Squad
Construct Weapon Support Center
Riflemen Squad
M1919 Machine Gun Team
Selects Fast Deploy
Mechanized Support Center
M3 Armored Personnel Carrier
M1918 Browning Automatic Rifles
Construct Medical Station
.30 cal Machine Gun
Selects M8 Scott SPG
M1 Mortar Team
Selects M31 Recovery Vehicle
M31 Recovery Vehicle
Designate Forward Repair Station
M3 Armored Personnel Carrier
M1919 Machine Gun Team
Scout Squad
Riflemen Squad
Riflemen Squad
M8 Scott SPG
Selects War Machine
Scout Squad
Selects UNKNOWN (2160077)
M3 Armored Personnel Carrier
Solkanar
MadMax
0
0

Comments sign in to comment!

No comments posted yet!